 Dungeon Crawl Stone Soup version 0.29.0-5-ge4962eb29e (webtiles) character file.

Game seed: 2907967690145597839

287 themarg the Nimble (level 6, -10/47 HPs)
             Began as a Gnoll Wanderer on Aug 30, 2022.
             Mangled by Edmund
             ... wielding a +2 flail of protection
              (12 damage)
             ... on level 3 of the Dungeon.
             The game lasted 00:12:52 (3737 turns).

themarg the Nimble (Gnoll Wanderer)                 Turns: 3737, Time: 00:12:52

Health: -10/47     AC:  5    Str: 16    XL:     6   Next: 30%
Magic:  11/11      EV: 15    Int:  8    God:
Gold:   154        SH:  0    Dex: 12    Spells: 10/11 levels left

rFire   . . .      SeeInvis .   r - +0 hand axe
rCold   . . .      Faith    .   (no shield)
rNeg    . . .      Spirit   .   e - +0 leather armour
rPois   .          Reflect  .   a - +0 helmet
rElec   .          Harm     .   l - +0 cloak
rCorr   .          Rampage  .   (no gloves)
Will    .....                   (no boots)
Stlth   ++........              (no amulet)
HPRegen 0.15/turn               (no ring)
MPRegen 0.12/turn               (no ring)

@: weak-willed
A: fangs 1, strong nose, distributed training
a: no special abilities


You were on level 3 of the Dungeon.
You visited 1 branch of the dungeon, and saw 4 of its levels.

You collected 154 gold pieces.

Inventory:

Hand Weapons
 g - a +0 dagger
 r - a +0 hand axe (weapon)
Missiles
 b - 3 throwing nets (quivered)
Armour
 a - a +0 helmet (worn)
 e - a +0 leather armour (worn)
 l - a +0 cloak (worn)
Magical Staves
 j - a staff of conjuration
Jewellery
 o - a +4 ring of evasion
Scrolls
 c - a scroll of silence
 k - a scroll of poison
 s - a scroll of immolation
Potions
 d - a potion of attraction
 f - a potion of mutation {unknown}
 m - a potion of lignification
 n - a potion of heal wounds
 p - a potion of curing {unknown}
 q - 2 potions of flight {unknown}


   Skills:
 + Level 3.2 Fighting
 + Level 2.0 Short Blades
 + Level 2.0 Long Blades
 + Level 2.0 Axes
 + Level 2.0 Maces & Flails
 + Level 2.0 Polearms
 + Level 2.0 Staves
 + Level 2.0 Ranged Weapons
 + Level 2.0 Throwing
 + Level 2.0 Armour
 + Level 8.7 Dodging
 + Level 2.0 Stealth
 + Level 2.0 Shields
 + Level 2.0 Unarmed Combat
 + Level 3.4 Spellcasting
 + Level 1.5 Conjurations
 + Level 1.5 Hexes
 + Level 1.5 Summonings
 + Level 1.5 Necromancy
 + Level 1.5 Translocations
 + Level 1.5 Transmutations
 + Level 1.5 Fire Magic
 + Level 1.5 Ice Magic
 + Level 1.5 Air Magic
 + Level 5.6 Earth Magic
 + Level 1.5 Poison Magic
 + Level 3.4 Invocations
 + Level 2.0 Evocations


You had 10 spell levels left.
You knew the following spells:

 Your Spells              Type           Power      Damage    Failure   Level
a - Sandblast             Erth           20%        2d7       3%          1

Your spell library contained the following spells:

 Spells                   Type           Power      Damage    Failure   Level
 Stone Arrow              Conj/Erth      14%        3d7       26%         3
 Gell's Gravitas          Tloc           3%         N/A       52%         3
 Ignite Poison            Fire/Tmut/Pois 3%         N/A       52%         3
 Lesser Beckoning         Tloc           3%         N/A       52%         3
 Mephitic Cloud           Conj/Pois/Air  3%         N/A       52%         3
 Teleport Other           Tloc           3%         N/A       52%         3
 Freezing Cloud           Conj/Ice/Air   1%         6-21      99%         5


Dungeon Overview and Level Annotations

Branches:
Dungeon (4/15)
 Temple: D:4-7

Altars:
Ashenzari

Shops:
D:1 [   D:2 :

Annotations:
D:3 Edmund


Innate Abilities, Weirdness & Mutations

You have very sharp teeth.
Your uncanny sense of smell can sniff out nearby items.
Your experience applies equally to all skills.


Message History

Edmund is lightly wounded.
Edmund hits you with a +2 flail of protection!
Edmund hits you with a +2 flail of protection.
Edmund attacks as you move away! Edmund misses you.
Edmund attacks as you move away! Edmund closely misses you.
Edmund attacks as you move away!
Edmund hits you with a +2 flail of protection.
* * * LOW HITPOINT WARNING * * *
As you read the scroll labelled VOFFODWUOG, it crumbles to dust.
It is a scroll of identify.
s - a scroll of immolation Edmund misses you.
As you read the scroll of identify, it crumbles to dust.
k - a scroll of poison Edmund barely misses you.
As you read the scroll labelled KYLOMM ROGO, it crumbles to dust.
Magic quickly surges around you.
It was a scroll of vulnerability.
Edmund closely misses you.
Casting: Sandblast (safe; 3% risk of failure)
Confirm with . or Enter, or press ? or * to list all spells.
Aiming: Sandblast (safe; 3% risk of failure)
Press: ? - help, Shift-Dir - straight line, f/p - Edmund
Aim: Edmund, wielding a +2 flail of protection and wearing a +0 chain mail (lightly wounded, weak-willed, 87% to hit)
The blast of sand hits Edmund but does no damage.
Edmund is lightly wounded.
Edmund hits you but does no damage. Edmund attacks as you move away!
Edmund hits you with a +2 flail of protection!
* * * LOW HITPOINT WARNING * * *
Edmund attacks as you move away! Edmund barely misses you.
Edmund says, "People accused me of being a cutpurse!"
There is a stone staircase leading up here.
Edmund completely misses you.
You climb upwards.
There is a stone staircase leading down here.
Edmund hits you with a +2 flail of protection.
* * * LOW HITPOINT WARNING * * *
Edmund attacks as you move away!
Edmund hits you with a +2 flail of protection!
You die...

)#....#### #.#
.#.#.....# #.#
.#.#.###.# ##.# .#.#.#
#.###..# .###.#
#...#.## ...###
###...# [8...###
###.###
.......#####...######
.........'.###..@>..#
......8.##...###.@..##
..#.....#..8...###...#
.......##........###.#
.......#.............#
......##........8.####
...8..#.....#.....#
##...##.8........##
.###.#...........#


You could see Edmund (weak-willed).

Vanquished Creatures
  Sigmund (D:3)
  5 adders
  A worm (D:2)
  A dart slug (D:4)
  6 orcs (D:3)
  8 ball pythons
  5 endoplasms
  3 giant cockroaches
  5 goblins
  6 hobgoblins
  2 jackals (D:1)
  6 kobolds
  5 quokkas
  13 bats
  3 frilled lizards
  5 rats
75 creatures vanquished.

Notes
Turn   | Place    | Note
-------+----------+-------------------------------------------
     0 | D:1      | themarg the Gnoll Wanderer began the quest for the Orb.
     0 | D:1      | themarg set off with the following items: a +0 club, 3
                  | throwing nets, a scroll of silence, a potion of attraction,
                  | a +0 leather armour; and the following spell memorised:
                  | Sandblast; and the following spells available to memorise:
                  | Stone Arrow.
     0 | D:1      | Reached XP level 1. HP: 17/17 MP: 4/4
   131 | D:1      | Reached XP level 2. HP: 22/23 MP: 5/5
   512 | D:1      | Reached XP level 3. HP: 28/28 MP: 4/7
   568 | D:1      | Found Yhuraj's Armour Emporium.
  1076 | D:2      | Reached skill level 1 in Short Blades
  1076 | D:2      | Reached skill level 1 in Long Blades
  1076 | D:2      | Reached skill level 1 in Axes
  1076 | D:2      | Reached skill level 1 in Maces & Flails
  1076 | D:2      | Reached skill level 1 in Polearms
  1076 | D:2      | Reached skill level 1 in Staves
  1076 | D:2      | Reached skill level 1 in Ranged Weapons
  1076 | D:2      | Reached skill level 1 in Throwing
  1076 | D:2      | Reached skill level 1 in Armour
  1076 | D:2      | Reached skill level 1 in Stealth
  1076 | D:2      | Reached skill level 1 in Shields
  1076 | D:2      | Reached skill level 1 in Unarmed Combat
  1076 | D:2      | Reached skill level 1 in Evocations
  1328 | D:2      | Found Ubiuh's Book Emporium.
  1364 | D:2      | Reached XP level 4. HP: 28/34 MP: 8/8
  2050 | D:3      | Noticed Sigmund
  2455 | D:3      | Reached skill level 1 in Conjurations
  2455 | D:3      | Reached skill level 1 in Hexes
  2455 | D:3      | Reached skill level 1 in Summonings
  2455 | D:3      | Reached skill level 1 in Necromancy
  2455 | D:3      | Reached skill level 1 in Translocations
  2455 | D:3      | Reached skill level 1 in Transmutations
  2455 | D:3      | Reached skill level 1 in Fire Magic
  2455 | D:3      | Reached skill level 1 in Ice Magic
  2455 | D:3      | Reached skill level 1 in Air Magic
  2455 | D:3      | Reached skill level 1 in Poison Magic
  2605 | D:3      | Killed Sigmund
  2606 | D:3      | Reached XP level 5. HP: 19/41 MP: 8/10
  2606 | D:3      | Reached XP level 6. HP: 21/47 MP: 8/11
  3251 | D:3      | You fall into a shaft and drop 1 floor!
  3549 | D:3      | Found a broken altar of Ashenzari.
  3704 | D:4      | Noticed Edmund
  3736 | D:3      | HP: 2/47 [Edmund/+2 flail of protection (6)]
  3737 | D:3      | Mangled by Edmund

Illustrated notes

Levels and vault maps discovered:
D:1:      eino_arrival_cavern_c, layout_rooms, serial_aquarium,
          aquarium_bridge_straight [aquarium_subvault_bridge,
          aquarium_subvault_window, aquarium_subvault_bridge,
          aquarium_subvault_window], aquarium_window_corridor_3,
          aquarium_window_fake, aquarium_window_fake, aquarium_view_2g,
          serial_shops, nicolae_shop_waterfront
D:2:      layout_loops_ring, serial_forest, infiniplex_forest_clump_medium,
          infiniplex_forest_lined_1, infiniplex_forest_lined_3,
          infiniplex_forest_lined_3, infiniplex_forest_fountain,
          infiniplex_forest_pool, infiniplex_forest_lined_room_3,
          infiniplex_forest_clump_tiny, infiniplex_forest_straight_3,
          serial_shops, shop, minmay_misc_feat_alley
D:3:      minmay_skewed_foursquare, layout_rooms, grunt_ashenzari_visionary
          [grunt_ashenzari_visionary_shoals, grunt_ashenzari_visionary_snake],
          st_stairs_8, uniq_sigmund
D:4:      layout_loops_corners, mainiacjoe_overflow_brackets,
          kennysheep_generic_room_5, uniq_edmund

Skill      XL: |  1  2  3  4  5  6 |
---------------+-------------------+-----
Short Blades   | 1 2 |  2.0
Long Blades    | 1 2 |  2.0
Axes           | 1 2 |  2.0
Maces & Flails | 1 2 |  2.0
Polearms       | 1 2 |  2.0
Staves         | 1 2 |  2.0
Ranged Weapons | 1 2 |  2.0
Throwing       | 1 2 |  2.0
Armour         | 1 2 |  2.0
Stealth        | 1 2 |  2.0
Shields        | 1 2 |  2.0
Unarmed Combat | 1 2 |  2.0
Evocations     | 1 2 |  2.0
Spellcasting   | 3 |  3.4
Conjurations   | 1 |  1.5
Hexes          | 1 |  1.5
Summonings     | 1 |  1.5
Necromancy     | 1 |  1.5
Translocations | 1 |  1.5
Transmutations | 1 |  1.5
Fire Magic     | 1 |  1.5
Ice Magic      | 1 |  1.5
Air Magic      | 1 |  1.5
Poison Magic   | 1 |  1.5
Fighting       | 3 |  3.2
Invocations    | 3 |  3.4
Dodging        | |  8.7
Earth Magic    | |  5.6

Action                   |  1- 3 |  4- 6 || total
-------------------------+-------+-------++-------
Melee: Dagger            |    85 |   106 ||   191
       Bite              |     9 |    22 ||    31
       Punch             |     3 |     3 ||     6
       Hand axe          |       |    68 ||    68
 Cast: Sandblast         |    41 |    33 ||    74
  Use: Potion            |       |     2 ||     2
       Scroll            |       |     3 ||     3
Armor: Leather armour    |    32 |    27 ||    59
       Skin              |       |    19 ||    19
Dodge: Dodged            |    88 |   108 ||   196
